 Dungeon Crawl Stone Soup version 0.23.1 (webtiles) character file.

Game seed: 0

301 poirepourri the Thaumaturge (level 6, 0/32 HPs)
             Began as a Deep Elf Conjurer on Mar 1, 2019.
             Slain by Grinder (2 damage)
             ... on level 5 of the Dungeon.
             The game lasted 00:06:22 (4280 turns).

poirepourri the Thaumaturge (Deep Elf Conjurer)     Turns: 4280, Time: 00:06:22

Health: 0/32       AC:  3    Str:  5    XL:     6   Next: 14%
Magic:  3/19       EV: 13    Int: 22    God:
Gold:   189        SH:  0    Dex: 15    Spells: 4/22 levels left

rFire    . . .     SeeInvis .   i - +1 short sword
rCold    . . .     Gourm    .   (no shield)
rNeg     . . .     Faith    .   m - -2 robe (curse)
rPois    .         Spirit   .   b - +2 helmet
rElec    .         Reflect  .   (no cloak)
rCorr    .         Harm     .   (no gloves)
MR       .....                  (no boots)
Stlth    +++.......             (no amulet)
HPRegen  0.10/turn              l - ring of stealth
MPRegen  0.16/turn              (no ring)

@: lethally poisoned (0 -> -1), very slightly contaminated
A: no striking features
a: no special abilities


You were on level 5 of the Dungeon.
You were not hungry.

You visited 1 branch of the dungeon, and saw 5 of its levels.

You collected 189 gold pieces.

Inventory:

Hand Weapons
 i - a +1 short sword (weapon)
Armour
 a - a +1 robe
 b - a +2 helmet (worn)
 m - a cursed -2 robe (worn)
 o - the +2 ring mail of Soniavet {rF+ Str+3 Dex-2, unknown}
   (You found it on level 4 of the Dungeon)

   It affects your strength (+3).
   It affects your dexterity (-2).
   It protects you from fire.
Jewellery
 l - a ring of stealth (left hand)
Wands
 f - a wand of acid (7)
Scrolls
 d - 4 scrolls of blinking
 g - 2 scrolls of amnesia
Potions
 h - a potion of invisibility
Comestibles
 c - 4 rations


   Skills:
 - Level 2.4 Dodging
 - Level 2.4 Stealth
 + Level 8.7 Spellcasting
 - Level 4.3 Conjurations


You had 4 spell levels left.
You knew the following spells:

 Your Spells              Type           Power        Failure   Level  Hunger
a - Magic Dart            Conj           ####         1%          1    None
b - Searing Ray           Conj           ####..       1%          2    None
c - Dazzling Spray        Conj/Hex       ###...       9%          3    None
d - Iskenderun's Mystic   Conj           ####....     12%         4    ##.....
e - Force Lance           Conj/Tloc      ###.....     28%         4    ##.....
f - Fulminant Prism       Conj/Hex       ###.......   28%         4    ##.....

Your spell library contained the following spells:

 Spells                   Type           Power        Failure   Level  Hunger
 Animate Skeleton         Necr           N/A          7%          1    None
 Apportation              Tloc           #.....       7%          1    None
 Confusing Touch          Hex            #.....       7%          1    None
 Summon Small Mammal      Summ           #...         7%          1    None


Dungeon Overview and Level Annotations

Branches:
Dungeon (5/15)
 Temple: D:4-7

Altars:

Shops:
D:4 [

Annotations:
D:5 Grinder


Message History

You closely miss Grinder.
Grinder is almost dead.
Grinder hits you but does no damage.
You barely miss Grinder.
Grinder is almost dead.
Grinder hits you but does no damage.
You closely miss Grinder.
Grinder is almost dead.
You feel less wooden.
Your +2 helmet unmelds from your body.
Your cursed -2 robe unmelds from your body.
Grinder closely misses you.
You barely miss Grinder.
Grinder is almost dead.
You feel sick. Grinder hits you!
You writhe in agony.
* * * LOW HITPOINT WARNING * * *
Grinder hits you.
* * * LOW HITPOINT WARNING * * *
You writhe in agony.
You die...

###..
##..#######.#
##..## ###
.#####...#
#.#
........##
##.#
#######.###
##.## #.(.###
##.##
##.....###.##
##5#####...##
##@## #####
##..# ##..##
##.### ##.##
###.## #..##
#.>..# #...##


You could see Grinder.

Vanquished Creatures
  2 scorpions
  An orc wizard (D:4)
  Terence (D:2)
  A worker ant zombie (D:4)
  4 adders (D:3)
  An adder skeleton (D:5)
  3 worms
  4 dart slugs
  3 leopard geckos
  2 orcs
  4 giant cockroaches
  7 goblins
  9 hobgoblins
  2 jackals (D:3)
  2 quokkas
  3 ball pythons
  7 bats
  3 frilled lizards
  A jackal skeleton (D:3)
  8 kobolds
  A leopard gecko skeleton (D:4)
  9 rats
78 creatures vanquished.

Notes
Turn   | Place    | Note
-------+----------+-------------------------------------------
     0 | D:1      | poirepourri the Deep Elf Conjurer began the quest for the
                  | Orb.
     0 | D:1      | Reached XP level 1. HP: 10/10 MP: 6/6
   342 | D:1      | Reached skill level 4 in Spellcasting
   342 | D:1      | Reached XP level 2. HP: 15/15 MP: 6/9
   366 | D:1      | Learned a level 2 spell: Searing Ray
   851 | D:1      | Reached XP level 3. HP: 19/19 MP: 8/11
   905 | D:1      | Reached skill level 5 in Spellcasting
  1570 | D:2      | Noticed Terence
  1580 | D:2      | Killed Terence
  1580 | D:2      | Reached skill level 6 in Spellcasting
  1580 | D:2      | Reached XP level 4. HP: 24/24 MP: 3/14
  2749 | D:3      | Reached skill level 7 in Spellcasting
  3065 | D:3      | Reached XP level 5. HP: 28/28 MP: 9/16
  3288 | D:3      | Learned a level 3 spell: Dazzling Spray
  3293 | D:3      | Learned a level 4 spell: Iskenderun's Mystic Blast
  3298 | D:3      | Learned a level 4 spell: Force Lance
  3303 | D:3      | Learned a level 4 spell: Fulminant Prism
  3733 | D:4      | Got a distressingly furry ring mail
  3754 | D:4      | Found Doduada's Armour Boutique.
  3789 | D:4      | Reached skill level 8 in Spellcasting
  4176 | D:5      | Entered Level 5 of the Dungeon
  4236 | D:5      | Noticed Grinder
  4259 | D:5      | Reached XP level 6. HP: 14/32 MP: 8/19
  4280 | D:5      | Slain by Grinder

Skill      XL: |  1  2  3  4  5 |
---------------+----------------+-----
Spellcasting   | 4 6 7 8 |  8.7
Dodging        | |  2.4
Stealth        | |  2.4
Conjurations   | |  4.3

Action                   |  1- 3 |  4- 6 || total
-------------------------+-------+-------++-------
Melee: Unarmed           |     5 |       ||     5
       Short sword       |       |    23 ||    23
Throw: Javelin           |       |     3 ||     3
 Cast: Magic Dart        |    79 |    36 ||   115
       Searing Ray       |     3 |    24 ||    27
       Dazzling Spray    |       |     4 ||     4
       Iskenderun's Myst |       |     2 ||     2
  Use: Scroll            |     2 |     9 ||    11
       Potion            |       |     5 ||     5
  Eat: Ration            |     1 |     2 ||     3
       Chunk             |       |     1 ||     1
Armor: Robe              |     1 |     4 ||     5
       Skin              |       |    22 ||    22
Dodge: Dodged            |    20 |    26 ||    46
